AoeStats
← aanogue87

QS Arena

503456114Analyzed
1v1 RM · 1mo ago on Aug 31, 2026· 57m 53s· 2 players
Game mode
Random Map
Map size
Tiny (2 player)
Population
200
Speed
Normal
Resources
Standard
Victory
Conquest
Starting age
Dark Age
Ending age
Imperial Age
RankedLock teamsTeams togetherTeam positionsShared explorationLock speedFull tech treeHidden civsTurbo modeCheats
Victory
Defeat
🇦🇷 Turks · Argentina
1098
+17
🇫🇷 Teutons · France
1120
-32
aanogue87
2:30 Loom
8:45 Feudal Age
12:31 Castle Age
10:25 Double-Bit Axe
21:43 Fletching
38:11 Imperial Age
42:08 Bow Saw
44:30 Heavy Camel Rider
45:21 Bloodlines
45:12 Husbandry
45:25 Scale Barding Armor
45:31 Forging
46:12 Wheelbarrow
50:44 Chain Barding Armor
51:00 Iron Casting
53:18 Conscription
56:55 Padded Archer Armor
ZOBKILLER
0:33 Loom
8:45 Feudal Age
9:30 Double-Bit Axe
12:28 Castle Age
14:30 Loom
14:57 Town Watch
17:57 Wheelbarrow
19:22 Hand Cart
20:13 Sanctity
28:09 Imperial Age
26:42 Fletching
36:40 Horse Collar
39:32 Scale Barding Armor
39:56 Bodkin Arrow
40:43 Bloodlines
48:33 Padded Archer Armor
48:35 Scale Mail Armor
47:57 Pikeman
48:37 Squires
48:23 Gambesons
48:13 Cavalier
50:27 Chemistry
49:48 Ballistics
50:01 Conscription
51:53 Hoardings
50:52 Halberdier
52:12 Chain Mail Armor
52:08 Forging
Connection lost

Rejoining the realm…

Still unreachable

The connection could not be restored.

Session expired

The server has moved on; the page needs a fresh start.